 Dungeon Crawl Stone Soup version 0.30-a0-949-g53dc5368d7 (webtiles) character file.

Game seed: 7992941672957233091

168 mopl the Cudgeller (level 5, 0/34 HPs)
             Began as a Gargoyle Fighter on Mar 27, 2023.
             Slain by Grinder (6 damage)
             ... in a sewer.
             The game lasted 00:02:39 (1764 turns).

mopl the Cudgeller (Gargoyle Fighter)               Turns: 1764, Time: 00:02:40

Health: 0/34       AC: 13    Str: 19    XL:     5   Next: 48%
Magic:  5/5        EV:  7    Int:  9    God:
Gold:   120        SH:  4    Dex: 11    Spells: 4/4 levels left

rFire   . . .      SeeInvis .    a - +0 flail
rCold   . . .      Faith    .    c - +0 buckler
rNeg    + . .      Spirit   .    j - +0 chain mail
rPois   ∞          Reflect  .    (no helmet)
rElec   +          Rampage  .    (no cloak)
rCorr   .                        (no gloves)
Will    .....                    (no boots) Stlth
                                 (no amulet)
HPRegen 0.25/turn                (no ring)
MPRegen 0.09/turn                (no ring)

@: mighty
A: sickness immunity, AC +4, negative energy resistance 1, electricity
resistance, torment resistance 1, petrification resistance
a: no special abilities


You were in a sewer.
You visited 1 branch of the dungeon, and saw 3 of its levels.
You also visited: Sewer.

You collected 120 gold pieces.

Inventory:

Hand Weapons
 a - a +0 flail (weapon)
 k - a +0 dagger of venom
 t - a +1 whip of venom
Missiles
 i - 2 boomerangs
 l - 20 poisoned darts (quivered)
Armour
 c - a +0 buckler (worn)
 j - a +0 chain mail (worn)
 s - a +1 ring mail of fire resistance
Scrolls
 b - a scroll of teleportation {unknown}
 f - a scroll of enchant weapon {unknown}
 g - a scroll of immolation {unknown}
 h - a scroll of fog {unknown}
 m - a scroll of vulnerability {unknown}
 n - a scroll of identify {unknown}
 q - 3 scrolls of magic mapping {unknown}
 r - a scroll of poison {unknown}
Potions
 e - a potion of ambrosia {unknown}
 o - 2 potions of brilliance {unknown}
 p - a potion of curing {unknown}


   Skills:
 + Level 4.6 Fighting
 * Level 4.6 Maces & Flails
 - Level 3.2 Armour
 - Level 3.2 Shields


You had 4 spell levels left.
You didn't know any spells.
Your spell library contained the following spells:

 Spells                   Type           Power      Damage    Failure   Level
 Summon Small Mammal      Summ           0%         N/A       99%         1
 Call Canine Familiar     Summ           0%         N/A       100%        3
 Summon Guardian Golem    Hex/Summ       0%         N/A       100%        3


Dungeon Overview and Level Annotations

Branches:
Dungeon (3/15)              Sewer (1/1)

Altars:

Shops:
D:1 [

Annotations:
D:2 1 runed translucent door, Crazy Yiuf Sewer Grinder


Innate Abilities, Weirdness & Mutations

You are immune to sickness and miasma.
Your stone body is resilient. (AC +4)
You are immune to poison.
You resist negative energy. (rN+)
You are resistant to electric shocks. (rElec)
You are resistant to unholy torment.
You are immune to petrification.


Message History

a - a +0 flail (weapon)
You start resting.
Grinder is nearby!
You close the door.
You start resting.
Something unseen opens the door.
A kobold comes into view. It is wielding a +0 short sword.
You barely miss Grinder.
The kobold shouts!
Grinder gestures at you. Pain shoots through your body!
You hit Grinder but do no damage. Grinder closely misses you.
You barely miss Grinder. Grinder gestures at you.
You resist with significant effort. Grinder hits you but does no damage.
You barely miss Grinder. Grinder hits you but does no damage.
You hit Grinder.
Grinder is lightly wounded.
Grinder hits you!
You are too injured to fight recklessly!
You are too injured to fight recklessly!
You hit Grinder.
Grinder is moderately wounded.
Grinder hits you!
* * * LOW HITPOINT WARNING * * *
You writhe in agony.
* * * LOW HITPOINT WARNING * * *
The kobold hits you but does no damage.
You feel very mighty all of a sudden. You block Grinder's attack.
You block the kobold's attack.
You closely miss Grinder.
Grinder is moderately wounded.
You block Grinder's attack.
The kobold hits you with a +0 short sword.
* * * LOW HITPOINT WARNING * * *
You block Grinder's attack.
You sock Grinder!
Grinder is heavily wounded.
The kobold hits you but does no damage. Grinder hits you.
You die...

.#......)......≈≈#...#...
.).....)).....≈≈≈≈...'.
.#.............≈~#...#
.####≈#≈~###≈#.####.## .#
≈≈≈≈≈≈≈~≈≈....#.)≈#
.#≈≈≈≈≈≈≈≈≈≈≈≈≈..#))~#
.#≈≈≈≈≈≈≈≈≈≈≈≈≈≈.#.~≈#
.#≈≈≈≈≈≈≈≈≈≈≈≈≈~K#)~≈#
.#≈≈≈≈≈≈≈≈≈≈≈≈~~@#.~≈# .#
≈≈≈≈≈≈≈~~.5.~≈#
.##################.##
.#≈≈≈≈≈≈≈ ≈~≈≈≈.~~≈~≈#
.~≈≈~≈≈≈≈ ≈≈~≈~.†.~≈~#
.#≈≈≈≈≈≈≈ ≈≈≈~≈≈~≈~≈≈#
######### ############


You could see Grinder and a kobold.

Vanquished Creatures
  Jessica (D:2)
  4 adders
  2 river rats (D:3)
  4 ufetubi (Sewer)
  5 worms
  7 ball pythons
  5 endoplasms
  A giant cockroach (Sewer)
  3 hobgoblins
  14 kobolds
  2 quokkas
  5 bats
  A frilled lizard (D:1)
  2 goblins
  A kobold zombie (Sewer)
  6 rats
63 creatures vanquished.

Vanquished Creatures (others)
  A giant cockroach zombie (Sewer)
  A kobold zombie (Sewer)
2 creatures vanquished.

Grand Total: 65 creatures vanquished

Notes
Turn   | Place    | Note
-------+----------+-------------------------------------------
     0 | D:1      | mopl the Gargoyle Fighter began the quest for the Orb.
     0 | D:1      | Reached XP level 1. HP: 14/14 MP: 1/1
   141 | D:1      | Reached XP level 2. HP: 14/19 MP: 2/2
   155 | D:1      | Found Fyhes's Antique Armour Boutique.
   439 | D:1      | You fall into a shaft and drop 1 floor!
   518 | D:2      | Noticed Jessica
   522 | D:2      | Killed Jessica
   523 | D:2      | Reached skill level 3 in Maces & Flails
   523 | D:2      | Reached XP level 3. HP: 20/24 MP: 3/3
   744 | D:2      | Reached skill level 4 in Fighting
   844 | D:2      | Found a runed translucent door.
   845 | D:2      | Noticed Crazy Yiuf
   880 | D:2      | Reached XP level 4. HP: 29/29 MP: 4/4
  1423 | D:3      | Reached skill level 4 in Maces & Flails
  1481 | D:3      | Reached XP level 5. HP: 28/34 MP: 5/5
  1510 | D:3      | Found a glowing drain.
  1525 | Sewer    | Entered a sewer
  1738 | Sewer    | Noticed Grinder
  1764 | Sewer    | Slain by Grinder

Illustrated notes

Levels and vault maps discovered:
D:1:      saegor_arrival_fortress, layout_basic, serial_shops, shop
D:2:      layout_basic, uniq_crazy_yiuf_cottage, uniq_jessica
D:3:      layout_basic, amcnicky_altar_gilded, lightli_sewer_entry_pipes,
          ebering_ecumenical_altar_abandoned, nicolae_figureground_sparkle
Sewer:    kennysheep_sewer_church

Skill      XL: |  1  2  3  4 |
---------------+-------------+-----
Maces & Flails | 3 4 |  4.6
Fighting       | 4 |  4.6
Armour         | |  3.2
Shields        | |  3.2

Action                     |  1- 3 |  4- 6 || total
---------------------------+-------+-------++-------
  Melee: Flail             |    74 |   159 ||   233
         Whip              |       |    24 ||    24
    Use: Potion            |       |     1 ||     1
 Armour: Scale mail        |    16 |       ||    16
         Chain mail        |    20 |   125 ||   145
  Dodge: Dodged            |    32 |    72 ||   104
  Block: Buckler           |     8 |    49 ||    57

Table legend: (Time is in decaauts)
 A = Elapsed time spent in this place.
 B = Non-inter-level travel time spent in this place.
 C = Inter-level travel time spent in this place.
 D = Time resting spent in this place.
 E = Time spent auto-exploring this place.
 F = Levels seen in this place.
 G = Mean time per level.
                   A        B        C        D        E       F      G
               +--------+--------+--------+--------+--------+-----+--------+
         Total |   1844 |   1803 |     41 |     70 |   1114 |   4 |  461.0 |
       Dungeon |   1589 |   1548 |     41 |     28 |   1056 |   3 |  529.7 |
         Sewer |    255 |    255 |      0 |     42 |     58 |   1 |  255.0 |
               +--------+--------+--------+--------+--------+-----+--------+

Top non-repeatable levels by time:
     D:2: 793 daAuts
     D:1: 565 daAuts
   Sewer: 255 daAuts
     D:3: 230 daAuts
